 Dungeon Crawl Stone Soup version 0.23-b1 (webtiles) character file.

Game seed: 13911634787854219962

1654694 Kagerou the Conqueror (level 27, 249/249 HPs)
             Began as a Formicid Fighter on Jan 30, 2019.
             Was a Priest of Zin.
             Escaped with the Orb
             ... and 3 runes!
             The game lasted 04:21:38 (78316 turns).

Kagerou the Conqueror (Formicid Fighter)           Turns: 78316, Time: 04:21:38

Health: 249/249    AC: 37    Str: 20    XL:     27
Magic:  27/34      EV: 13    Int: 14    God:    Zin [***...]
Gold:   1253       SH: 27    Dex: 22    Spells: 26/26 levels left

rFire    + + .     SeeInvis +   a - +9 bardiche (chop)
rCold    + . .     Gourm    .   m - +7 large shield of the Moon {+Fly MR+ Dex+4 Slay+3}
rNeg     . . .     Faith    .   D - +4 gold dragon scales of Distant Shores {rElec rPois rF+ rC+ Regen+ Int+4 Stlth+}
rPois    +         Spirit   +   (helmet unavailable)
rElec    +         Reflect  .   G - +2 cloak {+Inv}
rCorr    .         Harm     .   p - +2 pair of gloves
MR       +++..                  r - +2 pair of boots {run}
Stlth    ..........             o - amulet of guardian spirit
HPRegen  0.91/turn              F - ring of protection from fire
MPRegen  0.24/turn              A - +3 ring of slaying

@: quick
A: permanent stasis, dig shafts and tunnels, four strong arms, antennae 3,
screaming 1, weak 2
0: Orb of Zot
}: 3/15 runes: decaying, silver, gossamer
a: Dig, Shaft Self, Recite, Vitalisation, Imprison, Donate Gold, Renounce
Religion, Evoke Invisibility, Evoke Flight


You escaped.
You worshipped Zin.
Zin was most pleased with you.
You were not hungry.

You visited 10 branches of the dungeon, and saw 50 of its levels.
You visited 1 bazaar.
You also visited: Ossuary.

You collected 7652 gold pieces.
You spent 4692 gold pieces at shops.
You donated 1707 gold pieces to Zin.

Inventory:

Hand Weapons
 a - a +9 bardiche of chopping (weapon)
 b - a +5 arbalest of freezing
 c - a +5 blowgun
 d - the +5 glaive of Gozag {flame, rPois MR++}
   (You acquired it on level 4 of the Lair of Beasts)

   It has been specially enchanted to burn those struck by it, causing extra
   injury to most foes and up to half again as much damage against particularly
   susceptible opponents.
   Big, fiery blades are also staple armaments of hydra-hunters.
   It protects you from poison.
   It affects your resistance to hostile enchantments.
Missiles
 g - 1386 bolts
 R - 3 throwing nets (quivered)
 T - 4 curare-tipped needles
Armour
 m - the +7 large shield of the Moon (worn) {+Fly MR+ Dex+4 Slay+3}
   (You acquired it on level 4 of the Realm of Zot)

   It affects your dexterity (+4).
   It affects your accuracy and damage with ranged weapons and melee attacks
   (+3).
   It affects your resistance to hostile enchantments.
   It lets you fly.
 p - a +2 pair of gloves (worn)
 r - a +2 pair of boots of running (worn)
 D - the +4 gold dragon scales of Distant Shores (worn) {rElec rPois rF+ rC+ Regen+ Int+4 Stlth+}
   (You found it on level 3 of the Swamp)

   It affects your intelligence (+4).
   It protects you from fire.
   It protects you from cold.
   It insulates you from electricity.
   It protects you from poison.
   It increases your rate of regeneration.
   It makes you more stealthy.
 G - a +2 cloak of invisibility (worn)
Jewellery
 o - an amulet of guardian spirit (around neck)
 x - an uncursed ring of resist corrosion
 A - a +3 ring of slaying (right hand)
 C - a +3 ring of evasion
 F - a ring of protection from fire (left hand)
 M - the ring of the Furies {rPois rC+++ MR+ Str+3 SInv}
   (You found it on level 3 of the Elven Halls)

   [ring of poison resistance]

   It affects your strength (+3).
   It renders you almost immune to cold.
   It protects you from poison.
   It affects your resistance to hostile enchantments.
   It lets you see invisible.
 N - an uncursed amulet of regeneration
Wands
 u - a wand of acid (24)
 B - a wand of iceblast (28)
 H - a wand of digging (10)
 J - a wand of paralysis (41)
 P - a wand of scattershot (5)
 S - a wand of enslavement (23)
Scrolls
 l - 22 scrolls of remove curse
 s - 22 scrolls of identify
 w - 4 scrolls of holy word
 z - 10 scrolls of fog
 I - 13 scrolls of fear
 O - a scroll of magic mapping
 W - 2 scrolls of enchant armour
 X - 2 scrolls of silence
Potions
 e - 10 potions of heal wounds
 i - 9 potions of brilliance
 j - 5 potions of might
 k - 23 potions of curing
 q - a potion of cancellation
 t - a potion of ambrosia
 E - 3 potions of magic
 K - 5 potions of flight
 L - a potion of agility
 Y - 5 potions of mutation
 Z - 3 potions of invisibility
Miscellaneous
 h - a lamp of fire
 v - a sack of spiders
 Q - a fan of gales
Comestibles
 f - 49 rations


   Skills:
 O Level 27 Fighting
 - Level 26.0 Polearms
   Level 0.0 Bows
 - Level 18.0 Crossbows
 * Level 17.6 Armour
 + Level 15.2 Dodging
 - Level 15.0 Shields
 - Level 15.0 Invocations
 * Level 11.9 Evocations


You had 26 spell levels left.
You didn't know any spells.
Your spell library contained the following spells:

 Spells                   Type           Power        Failure   Level  Hunger
 Animate Skeleton         Necr           N/A          100%        1    ##.....
 Apportation              Tloc           #.....       100%        1    ##.....
 Beastly Appendage        Tmut           #.....       100%        1    ##.....
 Confusing Touch          Hex            #.....       100%        1    ##.....
 Corona                   Hex            #......      100%        1    ##.....
 Flame Tongue             Conj/Fire      #....        100%        1    ##.....
 Magic Dart               Conj           #...         100%        1    ##.....
 Pain                     Necr           #...         100%        1    ##.....
 Sandblast                Erth           #.....       100%        1    ##.....
 Sting                    Conj/Pois      #...         100%        1    ##.....
 Summon Butterflies       Summ           #.......     100%        1    ##.....
 Call Imp                 Summ           #.......     100%        2    ###....
 Ensorcelled Hibernation  Hex/Ice        #.....       100%        2    ###....
 Passwall                 Tmut/Erth      #.......     100%        2    ###....
 Poisonous Vapours        Pois/Air       #.....       100%        2    ###....
 Searing Ray              Conj           #.....       100%        2    ###....
 Slow                     Hex            #.......     100%        2    ###....
 Sticks to Snakes         Tmut           #.......     100%        2    ###....
 Sublimation of Blood     Necr           #.........   100%        2    ###....
 Throw Flame              Conj/Fire      #.....       100%        2    ###....
 Confuse                  Hex            #.......     100%        3    ####...
 Conjure Flame            Conj/Fire      #.......     100%        3    ####...
 Dazzling Spray           Conj/Hex       #.....       100%        3    ####...
 Gell's Gravitas          Tloc           #.........   100%        3    ####...
 Ignite Poison            Fire/Tmut/Pois #.......     100%        3    ####...
 Inner Flame              Hex/Fire       #.......     100%        3    ####...
 Lesser Beckoning         Tloc           #.........   100%        3    ####...
 Mephitic Cloud           Conj/Pois/Air  #.......     100%        3    ####...
 Recall                   Summ/Tloc      N/A          100%        3    ####...
 Regeneration             Chrm/Necr      #.........   100%        3    ####...
 Spider Form              Tmut/Pois      #.........   100%        3    ####...
 Static Discharge         Conj/Air       #.......     100%        3    ####...
 Stone Arrow              Conj/Erth      #.....       100%        3    ####...
 Tukima's Dance           Hex            #.......     100%        3    ####...
 Vampiric Draining        Necr           #.........   100%        3    ####...
 Animate Dead             Necr           N/A          100%        4    #####..
 Cause Fear               Hex            #.........   100%        4    #####..
 Force Lance              Conj/Tloc      #.......     100%        4    #####..
 Fulminant Prism          Conj/Hex       #.........   100%        4    #####..
 Ice Form                 Ice/Tmut       #.......     100%        4    #####..
 Iskenderun's Mystic Bla  Conj           #.......     100%        4    #####..
 Olgreb's Toxic Radiance  Pois           #.......     100%        4    #####..
 Petrify                  Tmut/Erth      #.......     100%        4    #####..
 Sticky Flame             Conj/Fire      #.......     100%        4    #####..
 Alistair's Intoxication  Tmut/Pois      #.......     100%        5    ######.
 Blade Hands              Tmut           #.........   100%        5    ######.
 Bolt of Magma            Conj/Fire/Erth #.........   100%        5    ######.
 Borgnjor's Vile Clutch   Necr/Erth      #.........   100%        5    ######.
 Fireball                 Conj/Fire      #.........   100%        5    ######.
 Irradiate                Conj/Tmut      #.........   100%        5    ######.
 Iskenderun's Battlesphe  Conj/Chrm      #.......     100%        5    ######.
 Lee's Rapid Deconstruct  Erth           #.........   100%        5    ######.
 Lightning Bolt           Conj/Air       #.........   100%        5    ######.
 Metabolic Englaciation   Hex/Ice        #.........   100%        5    ######.
 Silence                  Hex/Air        #.........   100%        5    ######.
 Venom Bolt               Conj/Pois      #.........   100%        5    ######.
 Yara's Violent Unravell  Hex/Tmut       #.........   100%        5    ######.
 Bolt of Cold             Conj/Ice       #.........   100%        6    #######
 Bolt of Fire             Conj/Fire      #.........   100%        6    #######
 Darkness                 Hex            #.........   100%        6    #######
 Death Channel            Necr           #.........   100%        6    #######
 Deflect Missiles         Chrm/Air       #.........   100%        6    #######
 Freezing Cloud           Conj/Ice/Air   #.........   100%        6    #######
 Invisibility             Hex            #.......     100%        6    #######
 Iron Shot                Conj/Erth      #.........   100%        6    #######
 Ozocubu's Refrigeration  Ice            #.........   100%        6    #######
 Poison Arrow             Conj/Pois      #.........   100%        6    #######
 Shadow Creatures         Summ           N/A          100%        6    #######
 Simulacrum               Ice/Necr       #.........   100%        6    #######
 Dragon Form              Tmut           #.........   100%        7    #######
 Haunt                    Necr/Summ      #.........   100%        7    #######
 Malign Gateway           Summ/Tloc      #.........   100%        7    #######
 Monstrous Menagerie      Summ           #.........   100%        7    #######
 Orb of Destruction       Conj           #.........   100%        7    #######
 Ring of Flames           Chrm/Fire      #.........   100%        7    #######
 Spellforged Servitor     Conj/Summ      #.........   100%        7    #######
 Summon Greater Demon     Summ           #.........   100%        7    #######
 Borgnjor's Revivificati  Necr           #.........   100%        8    #######
 Chain Lightning          Conj/Air       #.........   100%        8    #######
 Death's Door             Chrm/Necr      #.........   100%        8    #######
 Discord                  Hex            #.........   100%        8    #######
 Ignition                 Fire           #.........   100%        8    #######
 Infestation              Necr           #.........   100%        8    #######
 Lehudib's Crystal Spear  Conj/Erth      #.........   100%        8    #######
 Necromutation            Tmut/Necr      #.........   100%        8    #######
 Summon Horrible Things   Summ           #.........   100%        8    #######
 Dragon's Call            Summ           #.........   100%        9    #######
 Fire Storm               Conj/Fire      #.........   100%        9    #######
 Glaciate                 Conj/Ice       #.........   100%        9    #######
 Shatter                  Erth           #.........   100%        9    #######
 Tornado                  Air            #.........   100%        9    #######
 Blink                    Tloc           Unusable     N/A         2    N/A

Dungeon Overview and Level Annotations

Branches:
Dungeon (15/15)            Temple (1/1) D:5            Lair (6/6) D:9
  Swamp (4/4) Lair:2       Spider (4/4) Lair:2        Slime (0/5) Lair:5
    Orc (2/2) D:11            Elf (3/3) Orc:2        Vaults (5/5) D:14
  Crypt (0/3) Vaults:3     Depths (5/5) D:15            Zot (5/5) Depths:5

Altars:
Ashenzari
Cheibriados
Dithmenos
Elyvilon
Fedhas
Gozag
Hepliaklqana
Kikubaaqudgha
Makhleb
Nemelex Xobeh
Okawaru
Qazlal
Ru
Sif Muna
Trog
Uskayaw
Vehumet
Wu Jian
Xom
Yredelemnul
Zin
The Shining One
Beogh
Jiyva

Shops:
D:6 *   D:8 %   D:11 :   D:13 ?   D:15 *[!*[   Orc:2 *:([   Elf:1 =
Vaults:1 ?   Vaults:2 [   Vaults:3 *   Vaults:4 ?*(   Depths:2 (

Portals:
Hell: Depths:1 Depths:2 Depths:3 Depths:4 Depths:5
Abyss: Depths:4 Depths:5
Pandemonium: Depths:3 Depths:4
Ziggurat: Depths:4

Annotations:
D:13 exclusion: downstairs
D:14 exclusion: 2 downstairs
D:15 exclusion: orange crystal statue
Lair:5 3 runed translucent doors, Panli's ghost, journeyman CeAM
Swamp:2 exclusion: downstairs
Spider:2 lajatang of speed :thinking:
Orc:1 exclusion: downstairs
Orc:2 2 runed translucent doors, burt's ghost, journeyman DrCj
Elf:1 +4 plate of rPois, exclusion: orange crystal statue
Vaults:1 +3 arbalest
Vaults:2 +0 bardiche
Vaults:3 3 runed translucent doors, exclusions: downstairs and obsidian statue, TuffENuff's ghost, veteran FoFi
Vaults:4 le triple crossbow and a +1 arbalest of velocity
Vaults:5 le brand weapon
Depths:1 exclusion: downstairs
Depths:3 exclusion: downstairs
Depths:4 exclusion: 2 downstairs


Innate Abilities, Weirdness & Mutations

You cannot be hasted, slowed, berserked, paralysed or teleported.
You can dig through walls and to a lower floor.
Your four strong arms can wield two-handed weapons with a shield.
You have a pair of large antennae on your head. (SInv)
You occasionally shout uncontrollably at your foes.
You are very weak. (Str -4)


Message History

You block the Orb Guardian's attack.
You hit the Orb Guardian.
The Orb Guardian is severely wounded.
You block the Orb Guardian's attack.
You slice the Orb Guardian!!
You kill the Orb Guardian!
You start waiting.
You can now call upon Zin to create a sanctuary.
You hear a choir sing!
You can no longer call upon Zin to create a sanctuary.
Unknown command.
Unknown command.
What are your orders? t - Shout!
Orders for allies: a - Attack new target. r - Retreat! s - Stop attacking. g - Guard the area. f - Follow me.
Anything else - Cancel.
You shout for attention!
You have escaped!

#.#.# #..).......##
#.รท........ #...#
#.........#.###.#######..
##..# #....#######.##.#
### #..# #....#### ##.#.#
#..# #....)..# #...# #..#
#3......# ##.### #..#
#.......####.## #..#
#.......8##.## #..#
#.......@#.## #..#
##......8### #..#
##.....## #..# ##....#
#..# #....# #..# ##.####
#>.#######..####
#..........#...#
#.......##...#.#


You could see a sixfirhy.

Vanquished Creatures
  5 orbs of fire
  6 ancient liches
  A juggernaut (Depths:5)
  14 Killer Klowns
  Frederick (Vaults:2)
  the Lernaean hydra (Swamp:4)
  A pandemonium lord (Zot:5)
  A curse toe (Zot:1)
  10 golden dragons
  Nikola (Elf:1)
  5 electric golems
  A Brimstone Fiend (D:15)
  Jorgrun (Swamp:3)
  21 tentacled monstrosities
  27 Orb Guardians
  2 deep elf blademasters (Elf:3)
  6 titans
  8 death cobs
  5 quicksilver dragons
  A quicksilver dragon (shapeshifter) (Vaults:4)
  11 shadow dragons
  2 deep elf master archers (Elf:3)
  3 thorn hunters
  2 sphinxes (Vaults:5)
  Frances (Elf:1)
  Agnes (Spider:2)
  7 tengu reavers
  Roxanne (Elf:3)
  9 storm dragons
  11 draconian monks
  An azure jelly (shapeshifter) (Depths:2)
  2 iron dragons
  10 deep elf sorcerers
  8 ghost moths
  A frost giant (shapeshifter) (Depths:4)
  9 emperor scorpions
  11 fire giants
  17 vault wardens
  6 frost giants
  A ghost moth (shapeshifter) (Depths:3)
  6 deep elf elementalists
  2 orc warlords
  6 draconian knights
  9 draconian scorchers
  3 draconian stormcallers
  5 spriggan defenders
  4 draconian shifters
  22 ironheart preservers
  5 war gargoyles
  A caustic shrike skeleton (Depths:2)
  24 stone giants
  9 entropy weavers
  35 very ugly things
  12 green draconians
  5 draconian annihilators
  8 deep elf demonologists
  Azrael (Elf:1)
  A vampire knight (Depths:2)
  11 purple draconians
  2 dire elephants (Depths:1)
  11 black draconians
  10 deep elf annihilators
  13 yellow draconians
  16 white draconians
  12 red draconians
  9 spark wasps
  11 deep elf death magi
  11 ettins
  3 jiangshi (Depths:4)
  A merfolk impaler (Depths:4)
  A blizzard demon (Depths:4)
  9 deep elf high priests
  10 fire dragons
  A merfolk javelineer (Depths:5)
  13 yaktaur captains
  A crystal guardian (Vaults:1)
  6 great orbs of eyes
  3 rakshasas
  27 vault guards
  18 hydras
  2 spriggan air magi
  A monstrous demonspawn (Depths:2)
  5 ghost crabs (Swamp:3)
  5 ice dragons
  A shambling mangrove (Swamp:4)
  An anaconda (shapeshifter) (D:14)
  5 death knights
  16 alligators
  14 centaur warriors
  22 ogre magi
  32 dancing weapons
  70 two-headed ogres
  16 deep troll shamans
  A two-headed ogre (shapeshifter) (Depths:2)
  5 tengu warriors
  7 deep troll earth magi
  Urug (D:10)
  2 orc high priests
  A titan zombie (Depths:2)
  3 vampire magi
  4 spriggan berserkers
  A sun demon (Depths:4)
  23 deep elf knights
  2 titan skeletons (Depths:2)
  2 soul eaters (Depths:4)
  6 hell knights
  A large abomination (Elf:1)
  4 iron trolls
  A sixfirhy (Depths:2)
  2 shadow wraiths
  30 skeletal warriors
  2 gelid demonspawn (Depths:3)
  4 glowing orange brains
  A salamander mystic (Depths:2)
  2 spriggan druids
  2 unseen horrors
  11 swamp dragons
  5 wizards
  38 deep trolls
  A flayed ghost (Depths:3)
  22 deep elf archers
  16 ironbrand convokers
  An orange crystal statue (Zot:5)
  A shadow dragon zombie (Depths:2)
  36 wolf spiders
  A phantasmal warrior (Vaults:4)
  5 harpies (Vaults:3)
  15 orc knights
  18 orb spiders
  A harpy (shapeshifter) (Depths:4)
  7 orc sorcerers
  73 deep elf magi
  2 wolf spider zombies
  24 moths of wrath
  3 salamanders (Depths:2)
  40 ugly things
  2 shadow dragon skeletons
  5 necromancers
  A stone giant zombie (Vaults:4)
  A moth of wrath (shapeshifter) (Vaults:4)
  5 oklob plants
  2 manticores
  5 cyclopes
  A guardian serpent (Lair:6)
  20 vault sentinels
  13 black mambas
  A black mamba (shapeshifter) (Depths:5)
  2 rust devils
  12 elephants
  5 fire giant skeletons
  A torpor snail (Spider:3)
  4 frost giant skeletons
  An iron dragon skeleton (Depths:2)
  12 spiny frogs
  2 gargoyles
  3 apocalypse crabs (Swamp:3)
  2 stone giant skeletons (Depths:2)
  A hellion (Zot:5)
  4 centaur skeletons
  47 yaktaurs
  12 freezing wraiths
  6 komodo dragons
  5 rime drakes
  2 efreet
  A spark wasp simulacrum (Depths:2)
  8 demonic crawlers
  A merfolk (D:12)
  7 tengu conjurers
  A queen bee (D:11)
  3 human skeletons
  37 jumping spiders
  A troll (shapeshifter) (Vaults:4)
  6 tyrant leeches
  10 trolls
  26 hornets
  3 polar bears
  54 slime creatures
  Grinder (D:3)
  15 bog bodies
  12 hippogriffs
  A raiju (shapeshifter) (Depths:1)
  A hippogriff (shapeshifter) (D:15)
  8 blink frogs
  A redback (shapeshifter) (D:9)
  10 water elementals
  42 yaks
  7 flying skulls (Depths:2)
  3 shadows (Swamp:2)
  4 wraiths
  A yak (shapeshifter) (Depths:3)
  10 spriggans
  An ettin skeleton (Depths:2)
  2 vampires
  3 air elementals
  2 wyverns (shapeshifter)
  79 redbacks
  A fire bat (shapeshifter) (Vaults:5)
  A tarantella (shapeshifter) (Vaults:3)
  35 tarantellas
  2 fire bats (Depths:1)
  15 wyverns
  4 basilisks
  5 humans (Zot:1)
  A human simulacrum (Vaults:2)
  5 spriggan skeletons (Depths:2)
  A hog (shapeshifter) (Vaults:3)
  19 vampire mosquitoes
  2 hungry ghosts
  16 swamp worms
  7 wargs
  2 elf skeletons (Depths:2)
  14 insubstantial wisps
  2 acid dragons
  3 steam dragons (Lair:6)
  A soldier ant (shapeshifter) (Elf:1)
  4 hell hounds (Elf:1)
  A soldier ant (D:13)
  21 water moccasins
  A floating eye (shapeshifter) (Vaults:5)
  4 porcupines
  A small abomination (Zot:5)
  A deep troll skeleton (Vaults:4)
  43 orc warriors
  A hornet zombie (D:15)
  17 swamp drakes
  An ice beast (D:6)
  A sky beast (D:9)
  2 phantoms
  5 boggarts (Vaults:1)
  2 necrophages
  A tengu (shapeshifter) (Vaults:4)
  55 ogres
  9 wolves
  17 centaurs
  14 crocodiles
  2 big kobolds
  Blork the orc (Orc:2)
  24 bullfrogs
  5 earth elementals
  2 wyvern zombies
  7 scorpions
  25 killer bees
  A wyvern skeleton (D:12)
  13 wights
  4 howler monkeys
  An electric eel (D:9)
  8 crimson imps
  10 centaur zombies
  A bullfrog zombie (D:8)
  2 human zombies
  4 jellies
  11 hounds
  26 orc wizards
  21 orc priests
  An iron imp (Depths:2)
  Jessica (D:2)
  2 bullfrog skeletons
  A hell rat (Lair:4)
  Natasha (thrice) (D:2)
  5 iguanas
  A lightning spire (Zot:2)
  14 worker ants
  A killer bee zombie (D:10)
  2 mummies (Ossuary)
  A worker ant zombie (D:8)
  14 adders
  3 river rats (D:3)
  2 shadow imps
  12 white imps (Lair:4)
  An adder skeleton (D:4)
  4 worms
  A dart slug (D:2)
  7 leopard geckos
  103 orcs
  6 giant cockroaches
  9 goblins
  11 hobgoblins
  10 jackals
  6 quokkas
  8 bats
  5 frilled lizards
  A goblin zombie (Ossuary)
  13 hobgoblin zombies (Ossuary)
  A jackal skeleton (D:4)
  18 kobolds
  10 kobold zombies (Ossuary)
  A leopard gecko skeleton (D:5)
  6 orc zombies (Ossuary)
  A quokka skeleton (D:6)
  7 rats
  A rat zombie (Ossuary)
  A pillar of salt (D:15)
  A plant (Lair:6)
2544 creatures vanquished.

Vanquished Creatures (others)
  A ghost moth (Zot:4)
  A draconian stormcaller (Zot:1)
  A shadow wraith (Vaults:2)
  A spriggan druid (Swamp:3)
  A smoke demon (Zot:5)
  2 spiny frogs (Swamp:3)
  A tyrant leech (Swamp:3)
  A human (D:8)
  A centaur (Depths:2)
  An orc priest (Vaults:4)
  An orc (Vaults:5)
  25 fungi
  16 pillars of salt
  32 plants
85 creatures vanquished.

Grand Total: 2629 creatures vanquished

Notes
Turn   | Place    | Note
-------+----------+-------------------------------------------
     0 | D:1      | Kagerou the Formicid Fighter began the quest for the Orb.
     0 | D:1      | Reached XP level 1. HP: 18/18 MP: 1/1
   146 | D:1      | Reached XP level 2. HP: 24/24 MP: 2/2
   293 | D:1      | Reached skill level 3 in Polearms
   565 | D:1      | Reached XP level 3. HP: 29/29 MP: 3/3
  1148 | D:2      | Noticed Jessica
  1149 | D:2      | Noticed Natasha
  1162 | D:2      | Killed Natasha
  1162 | D:2      | Reached skill level 4 in Polearms
  1162 | D:2      | Reached XP level 4. HP: 34/35 MP: 4/4
  1164 | D:2      | Killed Jessica
  1310 | D:2      | Noticed Natasha
  1328 | D:2      | Killed Natasha
  1328 | D:2      | Reached skill level 4 in Shields
  1328 | D:2      | Reached XP level 5. HP: 30/41 MP: 5/5
  1416 | D:2      | Noticed Natasha
  1426 | D:2      | Killed Natasha
  1426 | D:2      | Reached skill level 5 in Polearms
  1646 | D:2      | Found a stormy altar of Qazlal.
  1651 | D:2      | Found a basalt altar of Yredelemnul.
  1654 | D:2      | Found a radiant altar of Vehumet.
  1655 | D:2      | Found an ancient bone altar of Kikubaaqudgha.
  1655 | D:2      | Found a shadowy altar of Dithmenos.
  1656 | D:2      | Found a bloodstained altar of Trog.
  1657 | D:2      | Found a shimmering altar of Xom.
  1921 | D:3      | Reached XP level 6. HP: 47/47 MP: 6/6
  2321 | D:3      | Found a glowing drain.
  2345 | D:3      | Reached skill level 5 in Shields
  2594 | D:3      | Reached skill level 6 in Polearms
  3153 | D:3      | Noticed Grinder
  3176 | D:3      | Killed Grinder
  3176 | D:3      | Reached XP level 7. HP: 52/52 MP: 7/7
  3329 | D:3      | Reached skill level 7 in Polearms
  3531 | D:3      | Found a glowing golden altar of the Shining One.
  3534 | D:3      | Became a worshipper of the Shining One
  3726 | D:4      | Found a hazy altar of Hepliaklqana.
  3733 | D:4      | Reached skill level 6 in Shields
  3789 | D:4      | Reached XP level 8. HP: 57/58 MP: 6/8
  3852 | D:4      | Found a sand-covered staircase.
  3872 | Ossuary  | Entered an ossuary
  3928 | Ossuary  | Reached * piety under the Shining One
  4064 | Ossuary  | Reached ** piety under the Shining One
  4119 | Ossuary  | Reached *** piety under the Shining One
  4119 | Ossuary  | Reached skill level 8 in Polearms
  4291 | D:4      | Found a radiant altar of Vehumet.
  4413 | D:4      | Reached skill level 7 in Shields
  4851 | D:5      | Entered Level 5 of the Dungeon
  4934 | D:5      | Found a staircase to the Ecumenical Temple.
  4940 | Temple   | Entered the Ecumenical Temple
  5064 | Temple   | Fell from the grace of the Shining One
  5064 | Temple   | Became a worshipper of Zin the Law-Giver
  5064 | Temple   | Reached * piety under Zin
  5064 | Temple   | Reached ** piety under Zin
  5064 | Temple   | Reached *** piety under Zin
  5310 | D:5      | Reached XP level 9. HP: 65/65 MP: 9/9
  5435 | D:5      | Reached skill level 4 in Fighting
  5435 | D:5      | Reached skill level 9 in Polearms
  5498 | D:5      | Found a shattered altar of Ashenzari.
  5998 | D:6      | Reached **** piety under Zin
  6207 | D:6      | Found Bizoplup's Assorted Antiques.
  6212 | D:6      | Bought a glowing silver wand for 132 gold pieces
  6212 | D:6      | Bought a gold wand for 132 gold pieces
  6685 | D:7      | Noticed a hippogriff
  6825 | D:7      | Reached skill level 8 in Shields
  7081 | D:7      | Reached skill level 5 in Fighting
  7340 | D:7      | Reached skill level 10 in Polearms
  7904 | D:7      | Killed a hippogriff
  7973 | D:7      | Reached skill level 9 in Shields
  7980 | D:7      | Reached XP level 10. HP: 62/74 MP: 10/10
  8263 | D:7      | Found a hide-covered altar of Uskayaw.
  8484 | D:7      | Reached skill level 11 in Polearms
  8620 | D:8      | Found Onaod's Food Emporium.
  9091 | D:8      | Found an iron altar of Okawaru.
  9422 | D:8      | Found an ancient bone altar of Kikubaaqudgha.
  9530 | D:8      | Reached skill level 6 in Fighting
  9773 | D:9      | Reached ***** piety under Zin
  9878 | D:9      | Noticed a fire crab
  9880 | D:9      | Noticed a mana viper
  9896 | D:9      | a mana viper changed into a redback
  9982 | D:9      | Reached skill level 12 in Polearms
 10382 | D:9      | Found a staircase to the Lair.
 10562 | D:9      | Found an ornate altar of the Wu Jian Council.
 10616 | D:9      | Reached skill level 7 in Fighting
 10939 | D:10     | Entered Level 10 of the Dungeon
 11080 | D:10     | Reached XP level 11. HP: 71/84 MP: 11/11
 11292 | D:10     | Noticed Urug
 11322 | D:10     | Killed Urug
 11711 | D:10     | Reached skill level 13 in Polearms
 11842 | D:10     | Reached skill level 8 in Fighting
 11954 | Lair:1   | Entered Level 1 of the Lair of Beasts
 12096 | Lair:1   | Reached skill level 1 in Invocations
 12096 | Lair:1   | Reached skill level 1 in Evocations
 12731 | Lair:2   | Reached skill level 2 in Invocations
 12833 | Lair:2   | Reached skill level 2 in Evocations
 13142 | Lair:2   | Found a hole to the Spider Nest.
 13154 | Lair:2   | Reached skill level 3 in Invocations
 13178 | Lair:2   | Reached skill level 3 in Evocations
 13469 | Lair:2   | Found a staircase to the Swamp.
 13542 | Lair:2   | Reached skill level 4 in Invocations
 13743 | Lair:2   | Reached skill level 14 in Polearms
 14001 | Lair:2   | Reached skill level 4 in Evocations
 14006 | Lair:2   | Reached XP level 12. HP: 86/92 MP: 15/15
 14300 | Lair:3   | Reached skill level 5 in Invocations
 14490 | Lair:3   | Reached skill level 5 in Evocations
 14695 | Lair:3   | Reached skill level 6 in Evocations
 15052 | Lair:3   | Reached skill level 4 in Armour
 15343 | Lair:3   | Got a bloodstained short sword
 15344 | Lair:3   | Identified the +3 short sword of Fury {freeze, *Drain rElec
                  | rPois rF- Int+6} (You found it on level 3 of the Lair of
                  | Beasts)
 15889 | Lair:4   | Reached skill level 5 in Armour
 15922 | Lair:4   | Reached skill level 9 in Fighting
 16393 | Lair:4   | Reached skill level 6 in Armour
 17213 | Lair:4   | Reached skill level 10 in Fighting
 17262 | Lair:4   | Identified a scroll of acquirement
 17264 | Lair:4   | Got a faintly glowing glaive
 17265 | Lair:4   | Identified the +5 glaive of Gozag {flame, rPois MR++} (You
                  | acquired it on level 4 of the Lair of Beasts)
 17915 | Lair:5   | Found a runed translucent gate.
 17915 | Lair:5   | Found a runed translucent gate.
 17915 | Lair:5   | Found a runed translucent gate.
 17916 | Lair:5   | Noticed a death ooze
 17917 | Lair:5   | Found a viscous altar of Jiyva.
 17917 | Lair:5   | Noticed Panli's ghost (journeyman CeAM)
 18024 | Lair:5   | Reached skill level 6 in Invocations
 18202 | Lair:5   | Found a staircase to the Slime Pits.
 18690 | Lair:6   | Entered Level 6 of the Lair of Beasts
 18758 | Lair:6   | Reached XP level 13. HP: 103/103 MP: 17/17
 18842 | Lair:6   | Reached skill level 7 in Invocations
 19063 | Lair:6   | Reached skill level 8 in Invocations
 19171 | Lair:6   | Reached skill level 9 in Invocations
 19179 | Lair:6   | Reached skill level 15 in Polearms
 19415 | Lair:6   | Reached skill level 10 in Invocations
 19603 | Lair:6   | Noticed a six-headed hydra
 19617 | Lair:6   | Killed a one-headed hydra
 19887 | Lair:6   | Reached XP level 14. HP: 96/110 MP: 22/22
 19972 | Lair:6   | Reached skill level 16 in Polearms
 19988 | Lair:6   | Identified the cursed +1 double sword "Voogiuji" {slice,
                  | rC+} (You found it on level 6 of the Lair of Beasts)
 20111 | Lair:6   | Reached skill level 11 in Invocations
 20825 | Lair:6   | Identified the -1 shield "Wameutho" {+Inv +Fly rC+++ Str-4}
                  | (You found it on level 6 of the Lair of Beasts)
 21627 | D:9      | Reached skill level 12 in Invocations
 21632 | D:9      | Reached skill level 17 in Polearms
 21822 | D:9      | Got a heavily runed chain mail
 21823 | D:9      | Identified the cursed +1 chain mail of the Stag {rPois
                  | Int+2 Dex+2 Slay+2} (You found it on level 9 of the
                  | Dungeon)
 22490 | D:11     | Reached ****** piety under Zin
 22497 | D:11     | Found Fuamep's Book Shop.
 22718 | D:11     | Found a staircase to the Orcish Mines.
 23535 | D:11     | Reached XP level 15. HP: 117/117 MP: 24/24
 23924 | D:12     | Reached skill level 11 in Fighting
 24269 | D:12     | Got a warped buckler
 24270 | D:12     | Identified the +1 buckler of Wusot {Dex+4} (You acquired it
                  | on level 12 of the Dungeon)
 24647 | D:6      | Bought a runed plate armour for 858 gold pieces
 24836 | Orc:1    | Entered Level 1 of the Orcish Mines
 24934 | Orc:1    | Reached skill level 18 in Polearms
 25532 | Orc:2    | Entered Level 2 of the Orcish Mines
 25533 | Orc:2    | Noticed an orc warlord
 25602 | Orc:2    | Found a large runed translucent door.
 25602 | Orc:2    | Found a large runed translucent door.
 25603 | Orc:2    | Noticed burt's ghost (journeyman DrCj)
 25998 | Orc:2    | Found a roughly hewn altar of Beogh.
 26156 | Orc:2    | Found Mobotog's Antique Weapon Shop.
 26211 | Orc:2    | Found Kampiuxt's Antique Armour Shop.
 26228 | Orc:2    | Found Vifity's Book Shop.
 26252 | Orc:2    | Found Jolul's General Store.
 26308 | Orc:2    | Noticed Blork the orc
 26314 | Orc:2    | Killed Blork the orc
 26322 | Orc:2    | Killed an orc warlord
 26547 | Orc:2    | Found a staircase to the Elven Halls.
 27070 | D:13     | Reached skill level 12 in Fighting
 27112 | D:13     | Found a roughly hewn altar of Beogh.
 27514 | D:13     | Reached skill level 19 in Polearms
 27698 | D:13     | Found Maoserph's Magic Scroll Shoppe.
 27706 | D:13     | Bought a scroll of magic mapping for 49 gold pieces
 27706 | D:13     | Bought a scroll of magic mapping for 49 gold pieces
 28206 | D:14     | Reached XP level 16. HP: 117/127 MP: 25/25
 28252 | D:14     | Found a gate to the Vaults.
 28483 | D:14     | Found a gate leading to a gauntlet.
 28798 | D:15     | Entered Level 15 of the Dungeon
 28798 | D:15     | Found Zokhly's Distillery.
 28803 | D:15     | Bought a potion of cancellation for 136 gold pieces
 28803 | D:15     | Bought a potion of resistance for 170 gold pieces
 28803 | D:15     | Bought a potion of might for 68 gold pieces
 28820 | D:15     | Found Kenge's Antique Armour Shoppe.
 28821 | D:15     | Found a staircase to the Depths.
 28821 | D:15     | Noticed a fire giant
 29259 | D:15     | Found Harev's Armour Shoppe.
 29410 | D:15     | Reached skill level 20 in Polearms
 29440 | D:15     | Found Woatwaat's Assorted Antiques.
 29444 | D:15     | Bought a potion of heal wounds for 130 gold pieces
 29474 | D:15     | Bought a pair of embroidered gloves for 157 gold pieces
 29584 | D:15     | Killed a fire giant
 29584 | D:15     | Reached skill level 1 in Dodging
 29705 | D:15     | Found a deep blue altar of Sif Muna.
 29729 | D:15     | Found Urul's General Store.
 30055 | D:15     | Reached skill level 2 in Dodging
 30293 | Orc:2    | Bought a glowing cloak for 217 gold pieces
 30435 | Spider:1 | Entered Level 1 of the Spider Nest
 30761 | Spider:1 | Reached skill level 3 in Dodging
 31114 | Spider:1 | Reached skill level 7 in Armour
 31133 | Spider:1 | Reached skill level 4 in Dodging
 31885 | Spider:1 | Reached skill level 5 in Dodging
 32753 | Spider:2 | Reached XP level 17. HP: 121/135 MP: 26/26
 32961 | Spider:2 | Noticed Agnes
 32992 | Spider:2 | Reached skill level 6 in Dodging
 33004 | Spider:2 | Reached skill level 8 in Armour
 33170 | Spider:2 | Killed Agnes
 33170 | Spider:2 | Reached skill level 13 in Fighting
 33662 | Spider:2 | Reached skill level 7 in Dodging
 33994 | Spider:2 | Reached skill level 9 in Armour
 34201 | Spider:3 | Reached skill level 8 in Dodging
 34949 | Spider:4 | Entered Level 4 of the Spider Nest
 34977 | Spider:3 | Reached skill level 10 in Armour
 35201 | Spider:4 | Reached skill level 14 in Fighting
 36114 | Spider:4 | Reached XP level 18. HP: 143/148 MP: 0/27
 36195 | Spider:4 | Reached skill level 15 in Fighting
 36340 | Spider:4 | Reached skill level 7 in Evocations
 36675 | Spider:4 | Reached skill level 8 in Evocations
 36744 | Spider:4 | Got a gossamer rune of Zot
 37630 | Swamp:1  | Entered Level 1 of the Swamp
 37680 | Swamp:1  | Reached skill level 9 in Dodging
 38046 | Swamp:1  | You fall through a shaft!
 39529 | Swamp:3  | Reached skill level 10 in Dodging
 39667 | Swamp:3  | Noticed Jorgrun
 39683 | Swamp:3  | Killed Jorgrun
 39704 | Swamp:3  | Identified the +5 ring mail of Muttered Phrases {rPois
                  | Str+2 Stlth+} (You found it on level 3 of the Swamp)
 40018 | Swamp:3  | Reached skill level 16 in Fighting
 40246 | Swamp:3  | Found a runed translucent door.
 40349 | Swamp:3  | Identified the +4 gold dragon scales of Distant Shores
                  | {rElec rPois rF+ rC+ Regen+ Int+4 Stlth+} (You found it on
                  | level 3 of the Swamp)
 40467 | Swamp:3  | Reached skill level 11 in Armour
 40467 | Swamp:3  | Reached XP level 19. HP: 157/157 MP: 28/28
 40863 | Swamp:4  | Entered Level 4 of the Swamp
 41275 | Swamp:4  | Reached skill level 12 in Armour
 41282 | Swamp:4  | Noticed the 27-headed Lernaean hydra
 41298 | Swamp:4  | Killed the 21-headed Lernaean hydra
 41540 | Swamp:4  | Reached skill level 17 in Fighting
 41902 | Swamp:4  | Got a decaying rune of Zot
 42231 | Elf:1    | Entered Level 1 of the Elven Halls
 42388 | Elf:1    | Noticed Azrael
 42414 | Elf:1    | Killed Azrael
 42475 | Elf:1    | Reached skill level 13 in Armour
 42489 | Elf:1    | Found Unoukegg's Jewellery Boutique.
 42642 | Elf:1    | Bought a +3 ring of slaying for 855 gold pieces
 42817 | Elf:1    | Reached skill level 18 in Fighting
 42822 | Elf:1    | Reached XP level 20. HP: 170/170 MP: 29/29
 42906 | Elf:1    | Found a runed translucent gate.
 42906 | Elf:1    | Found a runed translucent gate.
 42906 | Elf:1    | Found a runed translucent gate.
 42906 | Elf:1    | Found a runed translucent gate.
 42906 | Elf:1    | Found a runed translucent gate.
 42908 | Elf:1    | Found a runed translucent gate.
 42981 | Elf:1    | Noticed Frances
 42995 | Elf:1    | Killed Frances
 43187 | Elf:1    | Noticed Nikola
 43197 | Elf:1    | Killed Nikola
 43878 | Elf:2    | Found a runed translucent gate.
 43878 | Elf:2    | Found a runed translucent gate.
 43879 | Elf:2    | Found a runed translucent gate.
 43946 | Elf:2    | Reached skill level 19 in Fighting
 44037 | Elf:2    | Reached skill level 14 in Armour
 45120 | Elf:3    | Entered Level 3 of the Elven Halls
 45171 | Elf:3    | Noticed Roxanne
 45517 | Elf:3    | Reached XP level 21. HP: 163/182 MP: 25/30
 45963 | Elf:3    | Killed Roxanne
 46094 | Elf:3    | Reached skill level 20 in Fighting
 46174 | Elf:3    | Reached skill level 15 in Armour
 46374 | Elf:3    | Reached skill level 11 in Dodging
 46759 | Elf:3    | Reached skill level 12 in Dodging
 47162 | Elf:3    | Identified a +0 pair of boots of running (You found it on
                  | level 3 of the Elven Halls)
 47174 | Elf:3    | Identified the cursed +0 hand crossbow of Tenacity {flame,
                  | MR+} (You found it on level 3 of the Elven Halls)
 47184 | Elf:3    | Identified the ring of the Furies {rPois rC+++ MR+ Str+3
                  | SInv} (You found it on level 3 of the Elven Halls)
 47486 | Orc:2    | Bought a glowing arbalest for 247 gold pieces
 47700 | D:6      | Bought a glowing scarf for 264 gold pieces
 47903 | Vaults:1 | Entered Level 1 of the Vaults
 47910 | Vaults:1 | Found a hazy altar of Hepliaklqana.
 47967 | Vaults:1 | Reached skill level 1 in Crossbows
 48061 | Vaults:1 | Reached skill level 2 in Crossbows
 48234 | Vaults:1 | Reached skill level 3 in Crossbows
 48253 | Vaults:1 | Reached skill level 4 in Crossbows
 48326 | Vaults:1 | Found Iruniefo's Magic Scroll Emporium.
 48335 | Vaults:1 | Bought a scroll of magic mapping for 45 gold pieces
 48335 | Vaults:1 | Bought a scroll of magic mapping for 45 gold pieces
 48335 | Vaults:1 | Bought a scroll of fog for 26 gold pieces
 48545 | Vaults:1 | Reached skill level 5 in Crossbows
 48652 | Vaults:1 | Reached skill level 6 in Crossbows
 48984 | Vaults:1 | Reached skill level 7 in Crossbows
 49020 | Vaults:1 | Noticed a Brimstone Fiend
 49033 | Vaults:1 | Reached XP level 22. HP: 160/190 MP: 24/31
 49043 | Vaults:1 | Reached skill level 8 in Crossbows
 49123 | Vaults:1 | Identified the cursed +0 hunting sling of Meloruekh {flame,
                  | rN+}
 49630 | Vaults:2 | Reached skill level 9 in Crossbows
 49817 | Vaults:2 | Noticed Frederick
 49834 | Vaults:2 | Killed Frederick
 49834 | Vaults:2 | Reached skill level 10 in Crossbows
 50004 | Vaults:2 | Reached skill level 9 in Evocations
 50205 | Vaults:2 | Reached skill level 10 in Evocations
 50344 | Vaults:2 | Reached skill level 11 in Evocations
 50609 | Vaults:2 | Found Citos's Armour Boutique.
 50638 | Vaults:2 | Reached skill level 11 in Crossbows
 50973 | Vaults:2 | Reached skill level 10 in Shields
 51076 | Vaults:3 | Reached XP level 23. HP: 196/196 MP: 30/32
 51141 | Vaults:3 | Reached skill level 11 in Shields
 51143 | Vaults:3 | Found a runed translucent gate.
 51144 | Vaults:3 | Found a runed translucent gate.
 51144 | Vaults:3 | Found an opulent altar of Gozag.
 51145 | Vaults:3 | Found a runed translucent gate.
 51146 | Vaults:3 | Noticed TuffENuff's ghost (veteran FoFi)
 51147 | Vaults:3 | Found Namybbeg's Assorted Antiques.
 51556 | Orc:2    | Bought 18 bolts for 50 gold pieces
 52154 | Vaults:3 | Reached skill level 12 in Shields
 52362 | Vaults:3 | Reached skill level 13 in Shields
 52749 | Vaults:3 | Found a staircase to the Crypt.
 52962 | Vaults:3 | Reached skill level 14 in Shields
 53437 | Vaults:4 | Found Rouzaps's Weapon Shop.
 53616 | Vaults:4 | Reached skill level 15 in Shields
 53674 | Vaults:4 | Found Willuar's Assorted Antiques.
 53765 | Vaults:4 | Found a flickering gateway to a bazaar.
 53794 | Bazaar   | Entered a bazaar
 53794 | Bazaar   | Found Mucanleo's Weapon Shop.
 53794 | Bazaar   | Found Zisioma's Armour Shop.
 53794 | Bazaar   | Found Fonefeatt's General Store.
 53794 | Bazaar   | Found Palibby's Weapon Boutique.
 53805 | Bazaar   | Bought a +0 triple crossbow for 160 gold pieces
 53805 | Bazaar   | Bought a +2 arbalest of freezing for 321 gold pieces
 53863 | Vaults:4 | Bought a crude bardiche for 504 gold pieces
 53863 | Vaults:4 | Identified the cursed +1 bardiche of Plog {protect, rPois
                  | rF+ Str+4 Dex+4} (You bought it in a shop on level 4 of the
                  | Vaults)
 53932 | Vaults:4 | Reached skill level 12 in Crossbows
 54394 | Vaults:4 | Found Naidwuew's Magic Scroll Shoppe.
 54400 | Vaults:4 | Bought a scroll of magic mapping for 77 gold pieces
 54631 | Vaults:4 | Reached skill level 13 in Crossbows
 54649 | Vaults:4 | Reached XP level 24. HP: 196/204 MP: 32/32
 55201 | Depths:1 | Entered Level 1 of the Depths
 55315 | Depths:1 | Reached skill level 14 in Crossbows
 55596 | Depths:1 | Reached skill level 15 in Crossbows
 55831 | Depths:1 | Found a gateway to Hell.
 56753 | Depths:2 | Found Uptith's Antique Weapon Emporium.
 56995 | Depths:2 | Found a sparkling altar of Nemelex Xobeh.
 57155 | Depths:2 | Reached XP level 25. HP: 210/213 MP: 31/32
 57348 | Depths:2 | Reached skill level 21 in Fighting
 58261 | Depths:3 | Found a one-way gate leading to the halls of Pandemonium.
 58266 | Depths:3 | Reached skill level 16 in Armour
 58293 | Depths:3 | Reached skill level 13 in Dodging
 59599 | Depths:3 | Reached skill level 22 in Fighting
 59913 | Depths:4 | Found a gateway to a ziggurat.
 60260 | Depths:4 | Reached skill level 17 in Armour
 60260 | Depths:4 | Reached XP level 26. HP: 213/224 MP: 30/32
 60278 | Depths:4 | Reached skill level 14 in Dodging
 60530 | Depths:4 | Found a one-way gate to the infinite horrors of the Abyss.
 60948 | Depths:4 | Reached skill level 15 in Dodging
 61414 | Depths:5 | Entered Level 5 of the Depths
 61920 | Depths:5 | Reached skill level 16 in Crossbows
 61938 | Depths:5 | Found a gate to the Realm of Zot.
 62318 | Depths:5 | Noticed a juggernaut
 62333 | Depths:5 | Killed a juggernaut
 62884 | Vaults:5 | Entered Level 5 of the Vaults
 63156 | Vaults:4 | Reached XP level 27. HP: 232/233 MP: 32/32
 63236 | Vaults:5 | Reached skill level 17 in Crossbows
 64004 | Vaults:5 | Identified the +9 trident of the Extremes {freeze, rPois
                  | rF+ Int+5}
 64161 | Vaults:5 | Reached skill level 23 in Fighting
 64332 | Vaults:5 | Reached skill level 18 in Crossbows
 65488 | Vaults:4 | Reached skill level 13 in Invocations
 65782 | Vaults:5 | Identified the +6 mace of the Evening {flame, rPois rN+++
                  | Int-4 SInv}
 65846 | Vaults:5 | Identified the +9 halberd "Beastslayer" {venom, *Noise
                  | rPois rC+ rN+++}
 65846 | Vaults:5 | Identified the +2 robe "Iqallis" {rF+}
 66342 | Vaults:5 | Identified the Handbook of the Shifting Arsonist
 67068 | Vaults:5 | Got a silver rune of Zot
 67611 | Zot:1    | Entered Level 1 of the Realm of Zot
 67755 | Zot:1    | Reached skill level 14 in Invocations
 67916 | Zot:1    | Reached skill level 21 in Polearms
 68423 | Zot:1    | Noticed a Killer Klown
 68423 | Zot:1    | Noticed a Killer Klown
 68434 | Zot:1    | Noticed a Killer Klown
 68437 | Zot:1    | Noticed a Killer Klown
 68442 | Zot:1    | Noticed a Killer Klown
 68445 | Zot:1    | Noticed a Killer Klown
 68448 | Zot:1    | Killed a Killer Klown
 68456 | Zot:1    | Killed a Killer Klown
 68463 | Zot:1    | Killed a Killer Klown
 68465 | Zot:1    | Killed a Killer Klown
 68474 | Zot:1    | Killed a Killer Klown
 68474 | Zot:1    | Reached skill level 15 in Invocations
 68488 | Zot:1    | Killed a Killer Klown
 68772 | Zot:1    | Reached skill level 22 in Polearms
 69624 | Zot:2    | Reached skill level 23 in Polearms
 70458 | Zot:3    | Noticed an orb of fire
 70476 | Zot:3    | Killed an orb of fire
 71080 | Zot:3    | Reached skill level 24 in Polearms
 72093 | Zot:4    | Reached skill level 25 in Polearms
 72883 | Zot:5    | Entered Level 5 of the Realm of Zot
 74262 | Zot:5    | Noticed an ancient lich
 74295 | Zot:5    | Killed an ancient lich
 74295 | Zot:5    | Reached skill level 26 in Polearms
 74377 | Zot:5    | Noticed an orb of fire
 74377 | Zot:5    | Noticed a Killer Klown
 74378 | Zot:5    | Noticed a Killer Klown
 74380 | Zot:5    | Noticed an ancient lich
 74382 | Zot:5    | Noticed an orb of fire
 74393 | Zot:5    | Noticed an orb of fire
 74394 | Zot:5    | Noticed a Killer Klown
 74410 | Zot:5    | Noticed an ancient lich
 74419 | Zot:5    | Killed an orb of fire
 74423 | Zot:5    | Noticed an ancient lich
 74443 | Zot:5    | Killed an ancient lich
 74443 | Zot:5    | Reached skill level 24 in Fighting
 74447 | Zot:5    | Gained mutation: You are weak. (Str -2) [an orb of fire]
 74449 | Zot:5    | Killed an ancient lich
 74451 | Zot:5    | Gained mutation: You are very weak. (Str -4) [an orb of
                  | fire]
 74458 | Zot:5    | Killed an orb of fire
 74466 | Zot:5    | Killed a Killer Klown
 74719 | Zot:4    | Killed a Killer Klown
 74777 | Zot:4    | Killed a Killer Klown
 74789 | Zot:4    | Identified the +7 large shield of the Moon {+Fly MR+ Dex+4
                  | Slay+3} (You acquired it on level 4 of the Realm of Zot)
 74977 | Zot:4    | Killed an ancient lich
 74977 | Zot:4    | Reached skill level 25 in Fighting
 75072 | Zot:4    | Killed an orb of fire
 75174 | Zot:5    | Noticed a Killer Klown
 75190 | Zot:4    | Killed a Killer Klown
 75222 | Zot:5    | Noticed a Killer Klown
 75227 | Zot:5    | Noticed an ancient lich
 75356 | Zot:5    | Killed an ancient lich
 75594 | Zot:5    | Killed a Killer Klown
 76284 | Zot:5    | Noticed a Killer Klown
 76304 | Zot:5    | Killed a Killer Klown
 76329 | Zot:5    | Noticed a Killer Klown
 76340 | Zot:5    | Reached skill level 26 in Fighting
 76366 | Zot:5    | Killed a Killer Klown
 76423 | Zot:5    | Noticed an ancient lich
 76433 | Zot:5    | Killed an ancient lich
 76620 | Zot:5    | Noticed an orb of fire
 76627 | Zot:5    | Gained mutation: You occasionally shout uncontrollably at
                  | your foes. [an orb of fire]
 76644 | Zot:5    | Killed an orb of fire
 76644 | Zot:5    | Reached skill level 27 in Fighting
 76927 | Zot:5    | Noticed a Killer Klown
 76938 | Zot:5    | Killed a Killer Klown
 77666 | Zot:5    | Got the Orb of Zot
 77690 | Zot:5    | Noticed Torylaij the pandemonium lord
 77702 | Zot:5    | Killed Torylaij the pandemonium lord
 77927 | Depths:2 | Noticed Piynyrui the pandemonium lord
 78251 | D:1      | Donated 1254 gold pieces to Zin
 78316 | D:$      | Escaped with the Orb!

Skill      XL: |  1  2  3  4  5  6  7  8  9 10 11 12 13 14 15 16 17 18 19 20 21 22 23 24 25 26 27 |
---------------+----------------------------------------------------------------------------------+-----
Polearms       | 3 4 5 6 7 8 10 12 14 15 17 19 20 26 | 26.0
Shields        | 4 5 6 7 9 10 15 | 15.0
Fighting       | 5 7 8 10 12 14 16 18 19 20 22 27 | 27.0
Invocations    | 4 6 10 12 15 | 15.0
Evocations     | 4 6 8 11 | 11.9
Armour         | 6 7 10 11 13 14 15 17 | 17.6
Dodging        | 5 8 10 12 13 15 | 15.2
Crossbows      | 7 11 13 15 16 18 | 18.0

Action                   |  1- 3 |  4- 6 |  7- 9 | 10-12 | 13-15 | 16-18 | 19-21 | 22-24 | 25-27 || total
-------------------------+-------+-------+-------+-------+-------+-------+-------+-------+-------++-------
Melee: Trident           |   116 |   201 |   369 |   924 |       |       |       |       |       ||  1610
       Glaive            |       |       |       |    71 |  1135 |  1431 |  1391 |  1406 |  2606 ||  8040
       Bardiche          |       |       |       |       |       |       |       |       |   633 ||   633
 Fire: Hunting sling     |       |       |   170 |   133 |     4 |       |       |       |       ||   307
       Blowgun           |       |       |       |       |       |     4 |       |       |     3 ||     7
       Arbalest          |       |       |       |       |       |       |    18 |    31 |   232 ||   281
Throw: Stone             |    21 |    15 |     2 |     4 |       |       |       |       |       ||    42
       Tomahawk          |       |       |       |       |       |     1 |       |       |       ||     1
       Throwing net      |       |       |       |       |       |       |       |     2 |       ||     2
Invok: Vitalisation      |       |       |     1 |    10 |    15 |    20 |     7 |    21 |    22 ||    96
       Recite            |       |       |       |     2 |    17 |    18 |    20 |    35 |    29 ||   121
       Sanctuary         |       |       |       |       |       |     1 |     1 |       |     7 ||     9
       Donate Gold       |       |       |       |       |       |       |       |       |     1 ||     1
 Abil: Dig               |     1 |     7 |     6 |    15 |    19 |    26 |    10 |     9 |    28 ||   121
       Evoke Invisibilit |       |       |       |       |       |     3 |     2 |       |     2 ||     7
Evoke: Wand              |       |       |     1 |    10 |       |     1 |     2 |     2 |     5 ||    21
       Lamp of fire      |       |       |       |       |       |       |       |     5 |     4 ||     9
       Sack of spiders   |       |       |       |       |       |       |       |       |     2 ||     2
  Use: Scroll            |     4 |     6 |     7 |    15 |    10 |     7 |    11 |     2 |    21 ||    83
       Potion            |     1 |     1 |       |     2 |     3 |     6 |     3 |       |    18 ||    34
 Stab: Paralysed         |       |       |       |     4 |    28 |       |     4 |    10 |       ||    46
       Invisible         |       |       |       |     1 |     3 |    17 |     5 |     6 |    13 ||    45
       Confused          |       |       |       |       |     3 |     1 |     6 |    27 |     3 ||    40
       Distracted        |       |       |       |       |       |     2 |     1 |       |     2 ||     5
       Held in net/web   |       |       |       |       |       |       |       |     3 |       ||     3
  Eat: Chunk             |     1 |     5 |    10 |    32 |    19 |    23 |     3 |     1 |    12 ||   106
       Ration            |       |     1 |     2 |     2 |     4 |     6 |     9 |     7 |    18 ||    49
Armor: Scale mail        |    40 |    36 |    63 |   135 |   105 |       |       |       |       ||   379
       Skin              |       |     5 |       |       |       |       |       |       |       ||     5
       Chain mail        |       |       |    26 |    65 |    67 |       |       |       |       ||   158
       Plate armour      |       |       |       |    14 |   111 |   552 |       |       |       ||   677
       Gold dragon scale |       |       |       |       |       |       |   466 |   227 |   879 ||  1572
Dodge: Dodged            |    17 |    26 |    77 |   165 |   204 |   396 |   255 |   197 |   751 ||  2088
Block: Shield            |    61 |    57 |   139 |   360 |   422 |   728 |   523 |    98 |       ||  2388
       Large shield      |       |       |       |       |       |       |       |   535 |  2314 ||  2849
